 Dungeon Crawl Stone Soup version 0.29-a0-581-ge9a90b782e (webtiles) character file.

Game seed: 1526407125241311841

74 Nedwor the Covered (level 4, -4/29 HPs)
             Began as a Gargoyle Fighter on June 14, 2022.
             Killed from afar by an orc wizard (7 damage)
             ... with a puff of flame
             ... on level 3 of the Dungeon.
             The game lasted 00:02:17 (1962 turns).

Nedwor the Covered (Gargoyle Fighter)               Turns: 1962, Time: 00:02:18

Health: -4/29      AC: 10    Str: 22    XL:     4   Next: 28%
Magic:  4/4        EV:  9    Int:  8    God:
Gold:   62         SH:  0    Dex:  9    Spells: 3/3 levels left

rFire   . . .      SeeInvis .   a - +0 flail
rCold   . . .      Faith    .   c - +0 buckler
rNeg    + . .      Spirit   .   b - +0 scale mail
rPois   ∞          Reflect  .   (no helmet)
rElec   +          Harm     .   (no cloak)
rCorr   .          Rampage  .   (no gloves)
Will    .....                   (no boots)
Stlth   ..........              (no amulet)
HPRegen 0.09/turn               (no ring)
MPRegen 0.09/turn               (no ring)

@: confused
A: sickness immunity, AC +3, negative energy resistance 1, electricity
resistance, torment resistance 1, petrification resistance
a: no special abilities


You were on level 3 of the Dungeon.
You visited 1 branch of the dungeon, and saw 3 of its levels.

You collected 62 gold pieces.

Inventory:

Hand Weapons
 a - a +0 flail (weapon)
Armour
 b - a +0 scale mail (worn)
 c - a +0 buckler (worn)
Jewellery
 g - a ring of ice
 i - a ring of willpower
Scrolls
 e - a scroll of noise {unknown}
 f - 2 scrolls of identify {unknown}
 h - a scroll of fear {unknown}
 j - 4 scrolls of torment {unknown}
Potions
 d - a potion of might


   Skills:
 + Level 3.8 Fighting
 * Level 3.1 Maces & Flails
 + Level 3.8 Armour
 + Level 3.8 Shields


You had 3 spell levels left.
You didn't know any spells.
Your spell library contained the following spells:

 Spells                   Type           Power      Damage    Failure   Level
 Apportation              Tloc           0%         N/A       82%         1
 Dazzling Flash           Conj/Hex       0%         N/A       99%         3
 Agony                    Necr           0%         N/A       100%        5
 Alistair's Intoxication  Tmut/Pois      0%         N/A       100%        5
 Silence                  Hex/Air        0%         N/A       100%        5


Dungeon Overview and Level Annotations

Branches:
Dungeon (3/15)

Altars:

Shops:
D:1 *=


Innate Abilities, Weirdness & Mutations

You are immune to sickness and miasma.
Your stone body is resilient. (AC +3)
You are immune to poison.
You resist negative energy. (rN+)
You are resistant to electric shocks. (rElec)
You are resistant to unholy torment.
You are immune to petrification.


Message History

You closely miss something. You block the jackal's attack.
The jackal barely misses you. Something hits you but does no damage.
You miss the jackal. The jackal barely misses you.
Something hits you but does no damage.
You thump something! The jackal completely misses you.
The jackal barely misses you.
You hear some strange, mumbled words.
A puff of flame appears from out of thin air!
The puff of flame hits you!
You barely miss the jackal.
The jackal bites you but does no damage.
Something hits you but does no damage. The jackal barely misses you.
Something hits you but does no damage.
You barely miss something.
The jackal bites you but does no damage.
The jackal bites you.
You hear some strange, mumbled words.
Something tries to affect you, but you resist.
You sock the jackal!
You kill the jackal!
Something hits you.
You barely miss something. Something hits you.
* * * LOW HITPOINT WARNING * * *
Things that are here:
a jackal corpse; a jackal corpse You miss something.
Something hits you but does no damage. x2
You miss something. Something hits you but does no damage.
You barely miss something. Something hits you but does no damage.
You closely miss something.
You hear some strange, mumbled words.
You are confused.
Something hits you.
* * * LOW HITPOINT WARNING * * *
You closely miss something. Something hits you.
* * * LOW HITPOINT WARNING * * *
You bump into the rock wall.
You hear some strange, mumbled words.
A puff of flame appears from out of thin air!
The puff of flame hits you!
You die...

# #####
#.##...###
##....⌠..S#######
#.......ooho{@..#
#...<..h#####.#
#.......# #
##⌠...⌠.#
##...#..h.h.h
#...######..
#.#.# #.#.# #.#.#


You could see 3 orcs, 2 jackals and a ball python.

Vanquished Creatures
  3 adders (D:2)
  A worm (D:2)
  A dart slug (D:2)
  An orc (D:3)
  4 bats
  2 endoplasms (D:2)
  5 goblins
  6 hobgoblins
  2 jackals (D:3)
  A quokka (D:2)
  3 ball pythons
  3 frilled lizards (D:2)
  4 kobolds (D:2)
  2 rats
38 creatures vanquished.

Notes
Turn   | Place    | Note
-------+----------+-------------------------------------------
     0 | D:1      | Nedwor the Gargoyle Fighter began the quest for the Orb.
     0 | D:1      | Reached XP level 1. HP: 14/14 MP: 1/1
   266 | D:1      | Found Quleim's Assorted Antiques.
   329 | D:1      | Reached XP level 2. HP: 19/19 MP: 2/2
   503 | D:1      | Found Wuqoajif's Jewellery Emporium.
   861 | D:2      | Reached XP level 3. HP: 17/23 MP: 3/3
  1346 | D:2      | Found a faded altar of an unknown god.
  1474 | D:2      | Reached XP level 4. HP: 29/29 MP: 4/4
  1962 | D:3      | Killed from afar by an orc wizard

Illustrated notes

Levels and vault maps discovered:
D:1:      dpeg_arrival_signposts, layout_basic, serial_shops,
          nicolae_shop_advertising_works [nicolae_subvault_shop_adworks],
          nicolae_diamond_shop
D:2:      minmay_angry_zag, layout_basic, hellmonk_ecumenical_altar_zigzags,
          chequers_serial_rivers_small_a
D:3:      layout_loops_ring, mainiacjoe_overflow_catwalk_spiral,
          grunt_ministairs_1, hangedman_decor_peaks_small, kennysheep_donut,
          uniq_crazy_yiuf_cottage

Skill      XL: |  1  2  3 |
---------------+----------+-----
Maces & Flails | 3 |  3.1
Fighting       | |  3.8
Armour         | |  3.8
Shields        | |  3.8

Action                   |  1- 3 |  4- 6 || total
-------------------------+-------+-------++-------
Melee: Flail             |    77 |    51 ||   128
Armor: Scale mail        |    36 |    47 ||    83
Dodge: Dodged            |    36 |    24 ||    60
Block: Buckler           |    12 |    13 ||    25

Table legend: (Time is in decaauts)
 A = Elapsed time spent in this place.
 B = Non-inter-level travel time spent in this place.
 C = Inter-level travel time spent in this place.
 D = Time resting spent in this place.
 E = Time spent auto-exploring this place.
 F = Levels seen in this place.
 G = Mean time per level.
                   A        B        C        D        E       F      G
               +--------+--------+--------+--------+--------+-----+--------+
         Total |   2002 |   1980 |     22 |    182 |   1496 |   3 |  667.3 |
       Dungeon |   2002 |   1980 |     22 |    182 |   1496 |   3 |  667.3 |
               +--------+--------+--------+--------+--------+-----+--------+

Top non-repeatable levels by time:
     D:2: 1147 daAuts
     D:1: 812 daAuts
     D:3: 42 daAuts
